 Dungeon Crawl Stone Soup version 0.28.0-45-g0d030f2227 (webtiles) character file.

Game seed: 3564966990344433411

2177 dearleader the Magician (level 9, -2/69 HPs)
             Began as a Gnoll Warper on Apr 5, 2022.
             Was a Believer of Okawaru.
             Slain by a hornet (10 damage)
             ... while paralysed by a hornet
             ... on level 7 of the Dungeon.
             The game lasted 00:14:19 (7313 turns).

dearleader the Magician (Gnoll Warper)              Turns: 7313, Time: 00:14:20

Health: -2/69      AC: 12    Str: 15    XL:     9   Next: 33%
Magic:  17/18      EV:  2    Int: 13    God:    Okawaru [**....]
Gold:   254        SH:  0    Dex: 11    Spells: 8/21 levels left

rFire   . . .      SeeInvis .   b - +2 whip (drain)
rCold   + . .      Faith    .   q - +0 buckler
rNeg    . . .      Spirit   .   e - +0 leather armour {rC+}
rPois   .          Reflect  .   (no helmet)
rElec   .          Harm     .   (no cloak)
rCorr   .          Rampage  .   (no gloves)
Will    .....                   r - +0 pair of boots
Stlth   ++........              (no amulet)
HPRegen 0.21/turn               j - +4 ring of protection
MPRegen 0.16/turn               z - +4 ring of protection

@: paralysed, lethally poisoned (-2 -> -10), slowed, studying Unarmed Combat
A: fangs 1, strong nose, distributed training
a: Renounce Religion, Heroism


You were on level 7 of the Dungeon.
You worshipped Okawaru.
Okawaru was pleased with you.
You visited 1 branch of the dungeon, and saw 7 of its levels.

You collected 339 gold pieces.
You spent 85 gold pieces at shops.

Inventory:

Hand Weapons
 a - a +0 hand axe
 b - a +2 whip of draining (weapon)
 l - a +5 falchion
Missiles
 d - a boomerang of dispersal (quivered)
Armour
 e - a +0 leather armour of cold resistance (worn)
 q - a +0 buckler (worn)
 r - a +0 pair of boots (worn)
Jewellery
 j - a +4 ring of protection (left hand)
 k - a ring of magical power
 z - a +4 ring of protection (right hand)
Wands
 p - a wand of polymorph (9)
 C - a wand of paralysis (7)
Scrolls
 c - 3 scrolls of blinking
 f - 5 scrolls of teleportation {unknown}
 m - 2 scrolls of fear
 n - a scroll of magic mapping {unknown}
 t - 2 scrolls of noise {unknown}
 u - a scroll of silence {unknown}
 v - a scroll of immolation {unknown}
 x - a scroll of vulnerability {unknown}
 y - 2 scrolls of enchant armour {unknown}
 A - a scroll of identify
Potions
 g - 2 potions of degeneration
 h - a potion of curing
 i - a potion of might
 o - 2 potions of haste
 s - 2 potions of heal wounds
 w - a potion of lignification {unknown}
 B - 2 potions of flight {unknown}


   Skills:
 + Level 6.2 Fighting
 + Level 4.1 Short Blades
 + Level 4.1 Long Blades
 + Level 6.2 Axes
 + Level 4.1 Maces & Flails
 + Level 4.1 Polearms
 + Level 4.1 Staves
 + Level 4.1 Slings
 + Level 4.1 Bows
 + Level 4.1 Crossbows
 + Level 4.9 Throwing
 + Level 4.9 Armour
 + Level 6.2 Dodging
 + Level 4.1 Stealth
 + Level 4.1 Shields
 + Level 4.4 Unarmed Combat
 + Level 6.5 Spellcasting
 + Level 3.4 Conjurations
 + Level 3.4 Hexes
 + Level 3.4 Summonings
 + Level 3.4 Necromancy
 + Level 6.5 Translocations
 + Level 3.4 Transmutations
 + Level 3.4 Fire Magic
 + Level 3.4 Ice Magic
 + Level 3.4 Air Magic
 + Level 3.4 Earth Magic
 + Level 3.4 Poison Magic
 + Level 4.5 Invocations
 + Level 4.1 Evocations


You had 8 spell levels left.
You knew the following spells:

 Your Spells              Type           Power      Damage    Failure   Level
a - Blink                 Tloc           42%        N/A       2%          2
b - Gell's Gravitas       Tloc           21%        N/A       4%          3
c - Teleport Other        Tloc           21%        N/A       4%          3
d - Manifold Assault      Tloc           21%        N/A       43%         5

Your spell library contained the following spells:

 Spells                   Type           Power      Damage    Failure   Level
 Lesser Beckoning         Tloc           21%        N/A       4%          3
 Corpse Rot               Necr/Air       26%        N/A       10%         2
 Poisonous Vapours        Pois/Air       26%        N/A       10%         2
 Dispel Undead            Necr           13%        3d9       52%         4
 Blade Hands              Tmut           6%         N/A       86%         5
 Iskenderun's Battlesphe  Conj           13%        2d7       86%         5
 Iron Shot                Conj/Erth      6%         9d2       100%        6
 Animate Armour           Summ/Erth      Unusable   N/A       N/A         4
 Death Channel            Necr           Unusable   N/A       N/A         6
 Spellforged Servitor     Conj/Summ      Unusable   N/A       N/A         7

Dungeon Overview and Level Annotations

Branches:
Dungeon (7/15)             Temple (0/1) D:7

Altars:
Okawaru
Wu Jian

Shops:
D:3 [


Innate Abilities, Weirdness & Mutations

You have very sharp teeth.
Your uncanny sense of smell can sniff out nearby items.
Your experience applies equally to all skills.


Message History

The hornet is moderately wounded.
The hornet stings you but does no damage.
The hornet stings you.
You are poisoned.
You feel as though you will be slow longer.
You hit the hornet.
The hornet is heavily wounded.
You feel very sick. The hornet stings you.
You feel as though you will be slow longer.
The hornet stings you!
You are more poisoned.
You feel as though you will be slow longer.
You closely miss the hornet.
The hornet is heavily wounded.
You feel very sick. You block the hornet's attack. The hornet stings you.
You feel as though you will be slow longer.
Unknown command.
You hit the hornet but do no damage.
The hornet is heavily wounded.
You feel very sick. The hornet closely misses you.
The hornet barely misses you.
You barely miss the hornet.
The hornet is heavily wounded.
You feel very sick. The hornet stings you.
You are more poisoned.
You suddenly lose the ability to move!
The hornet stings you!
* * * LOW HITPOINT WARNING * * *
You feel as though you will be slow longer.
The hornet stings you but does no damage.
* * * LOW HITPOINT WARNING * * *
You feel very sick.
The hornet stings you but does no damage.
* * * LOW HITPOINT WARNING * * *
You feel very sick.
The hornet stings you but does no damage.
The hornet stings you!
You die...

....####...≈≈≈≈≈.##.....##.......
..........................((.....
#......#.....#...........#))##...
.............'.>.................
.......#.....#..)..###...#.#.####
.......##...##########........(.#
...#...##......(..#......#.#.##.#
##.#...##.........#.............#
...#............@.....##.#.#.....
...............y...........#.....
.######..(.#..<#....####...#.....
....##.........+......#..........
....##.....[...#....#.#....#.....
....##.......#.#....#.#..#.#.....
.............#.#....#.#..#.#.....
#............#.#....#.#..#.......
#............#......#.#......#...


You could see a hornet (drained).

Vanquished Creatures
  Grinder (D:5)
  Eustachio (D:6)
  A sky beast (D:6)
  2 ice beasts (D:5)
  2 black bears
  An ogre (D:4)
  A centaur (D:6)
  A phantom (D:4)
  4 bullfrogs
  A kobold brigand (D:7)
  2 scorpions
  A wyvern zombie (D:7)
  A centaur zombie (D:6)
  A gnoll shaman (D:5)
  3 hounds
  2 bullfrog skeletons
  An iguana (D:6)
  Terence (D:3)
  Ijyb (D:3)
  An orc wizard (D:4)
  A killer bee zombie (D:6)
  A hound skeleton (D:4)
  15 gnolls
  6 adders
  An adder skeleton (D:4)
  A worm (D:2)
  2 dart slugs
  8 orcs
  5 ball pythons
  7 endoplasms
  2 giant cockroaches
  5 goblins
  7 hobgoblins
  4 jackals (D:2)
  3 quokkas
  5 bats
  3 frilled lizards
  7 kobolds
  5 rats
117 creatures vanquished.

Notes
Turn   | Place    | Note
-------+----------+-------------------------------------------
     0 | D:1      | dearleader the Gnoll Warper began the quest for the Orb.
     0 | D:1      | Reached XP level 1. HP: 20/20 MP: 6/6
    54 | D:1      | You fall into a shaft and drop 1 floor!
   144 | D:1      | Reached XP level 2. HP: 24/26 MP: 7/7
   758 | D:1      | Learned a level 2 spell: Blink
   826 | D:2      | Reached XP level 3. HP: 16/31 MP: 9/9
  1047 | D:2      | Reached skill level 5 in Spellcasting
  1206 | D:2      | Reached skill level 1 in Invocations
  1462 | D:2      | Reached skill level 1 in Short Blades
  1462 | D:2      | Reached skill level 1 in Long Blades
  1462 | D:2      | Reached skill level 1 in Maces & Flails
  1462 | D:2      | Reached skill level 1 in Polearms
  1462 | D:2      | Reached skill level 1 in Staves
  1462 | D:2      | Reached skill level 1 in Slings
  1462 | D:2      | Reached skill level 1 in Bows
  1462 | D:2      | Reached skill level 1 in Crossbows
  1462 | D:2      | Reached skill level 1 in Stealth
  1462 | D:2      | Reached skill level 1 in Shields
  1462 | D:2      | Reached skill level 1 in Unarmed Combat
  1462 | D:2      | Reached skill level 1 in Evocations
  1733 | D:3      | Reached XP level 4. HP: 38/38 MP: 11/11
  2001 | D:3      | Reached skill level 1 in Conjurations
  2001 | D:3      | Reached skill level 1 in Hexes
  2001 | D:3      | Reached skill level 1 in Summonings
  2001 | D:3      | Reached skill level 1 in Necromancy
  2001 | D:3      | Reached skill level 1 in Transmutations
  2001 | D:3      | Reached skill level 1 in Fire Magic
  2001 | D:3      | Reached skill level 1 in Ice Magic
  2001 | D:3      | Reached skill level 1 in Air Magic
  2001 | D:3      | Reached skill level 1 in Earth Magic
  2001 | D:3      | Reached skill level 1 in Poison Magic
  2038 | D:3      | Reached XP level 5. HP: 32/43 MP: 12/12
  2215 | D:3      | Noticed Terence
  2235 | D:3      | Killed Terence
  2343 | D:3      | Noticed Ijyb
  2354 | D:3      | Killed Ijyb
  2625 | D:3      | Found Ruttylux's Antique Armour Boutique.
  2635 | D:3      | Bought a buckler for 85 gold pieces
  2707 | D:4      | Noticed an orc warrior
  2738 | D:4      | Reached XP level 6. HP: 35/50 MP: 13/13
  3001 | D:4      | Reached skill level 5 in Fighting
  3001 | D:4      | Reached skill level 5 in Axes
  3001 | D:4      | Reached skill level 5 in Dodging
  3258 | D:4      | Learned a level 3 spell: Gell's Gravitas
  3262 | D:4      | Learned a level 3 spell: Teleport Other
  3268 | D:4      | Learned a level 5 spell: Manifold Assault
  3378 | D:4      | Reached XP level 7. HP: 39/56 MP: 15/15
  3705 | D:5      | Entered Level 5 of the Dungeon
  3924 | D:5      | Found an ornate altar of the Wu Jian Council.
  3924 | D:5      | Found an iron altar of Okawaru.
  3931 | D:5      | Became a worshipper of Warmaster Okawaru
  4172 | D:5      | Noticed Grinder
  4173 | D:5      | Paralysed by Grinder for 4 turns
  4281 | D:5      | Paralysed by Grinder for 7 turns
  4312 | D:5      | Killed Grinder
  4576 | D:5      | Reached XP level 8. HP: 63/63 MP: 16/16
  4691 | D:5      | Reached * piety under Okawaru
  5289 | D:6      | Reached ** piety under Okawaru
  5746 | D:6      | Reached XP level 9. HP: 58/69 MP: 3/18
  5977 | D:6      | Noticed Eustachio
  6007 | D:6      | Killed Eustachio
  6970 | D:7      | Found a staircase to the Ecumenical Temple.
  6999 | D:7      | Noticed a hornet
  7311 | D:7      | Paralysed by a hornet for 3 turns
  7313 | D:7      | Slain by a hornet

Illustrated notes

Levels and vault maps discovered:
D:1:      elethiomel_arrival_maze, layout_rooms
D:2:      layout_basic
D:3:      layout_rooms, serial_shops, nicolae_shop_competitors_out_of_business,
          uniq_terence, uniq_ijyb
D:4:      layout_rooms, lightli_corner_chamber
D:5:      layout_basic, gammafunk_temple_overflow_pools, uniq_grinder
D:6:      layout_loops_ring, uniq_eustachio
D:7:      layout_basic, kennysheep_mini_moat, minmay_temple_entry_offerings,
          minivault_11

Skill      XL: |  1  2  3  4  5  6  7  8  9 |
---------------+----------------------------+-----
Spellcasting   | 5 6 |  6.5
Invocations    | 1 2 3 4 |  4.5
Short Blades   | 1 2 3 4 |  4.1
Long Blades    | 1 2 3 4 |  4.1
Maces & Flails | 1 2 3 4 |  4.1
Polearms       | 1 2 3 4 |  4.1
Staves         | 1 2 3 4 |  4.1
Slings         | 1 2 3 4 |  4.1
Bows           | 1 2 3 4 |  4.1
Crossbows      | 1 2 3 4 |  4.1
Stealth        | 1 2 3 4 |  4.1
Shields        | 1 2 3 4 |  4.1
Unarmed Combat | 1 2 3 4 |  4.4
Evocations     | 1 2 3 4 |  4.1
Conjurations   | 1 2 3 |  3.4
Hexes          | 1 2 3 |  3.4
Summonings     | 1 2 3 |  3.4
Necromancy     | 1 2 3 |  3.4
Transmutations | 1 2 3 |  3.4
Fire Magic     | 1 2 3 |  3.4
Ice Magic      | 1 2 3 |  3.4
Air Magic      | 1 2 3 |  3.4
Earth Magic    | 1 2 3 |  3.4
Poison Magic   | 1 2 3 |  3.4
Throwing       | 3 4 |  4.9
Armour         | 3 4 |  4.9
Fighting       | 5 6 |  6.2
Axes           | 5 6 |  6.2
Dodging        | 5 6 |  6.2
Translocations | 6 |  6.5

Action                   |  1- 3 |  4- 6 |  7- 9 || total
-------------------------+-------+-------+-------++-------
Melee: Hand axe          |   141 |       |       ||   141
       Punch             |     1 |       |       ||     1
       Bite              |    12 |    23 |    26 ||    61
       Falchion          |       |    50 |    20 ||    70
       Whip              |       |   116 |   251 ||   367
       Unarmed           |       |     5 |       ||     5
Throw: Boomerang         |       |       |     4 ||     4
 Cast: Gell's Gravitas   |       |       |    26 ||    26
       Teleport Other    |       |       |     3 ||     3
       Blink             |       |       |     1 ||     1
  Use: Scroll            |       |     4 |     2 ||     6
 Stab: Sleeping          |     1 |       |     2 ||     3
       Distracted        |       |       |     1 ||     1
Armor: Leather armour    |    49 |    67 |   114 ||   230
Dodge: Dodged            |   115 |   114 |   198 ||   427
Block: Buckler           |       |    19 |    68 ||    87
